 Dungeon Crawl Stone Soup version 0.18.1-47-g9310371 (webtiles) character file.

42 Kisielow the Conjurer (level 3, -3/19 HPs)
             Began as a Deep Elf Conjurer on June 19, 2016.
             Slain by Terence
             ... wielding a +3 hand axe of flaming
              (4 damage)
             ... on level 2 of the Dungeon.
             The game lasted 00:04:23 (998 turns).

Kisielow the Conjurer (Deep Elf Conjurer)            Turns: 998, Time: 00:04:23

Health: -3/19      AC:  3    Str:  6    XL:     3   Next: 33%
Magic:  0/9        EV: 13    Int: 19    God:
Gold:   60         SH:  0    Dex: 15    Spells: 2 memorised, 5 levels left

rFire  . . .     SeeInvis .     e - +0 dagger
rCold  . . .     Gourm    .     a - +0 robe
rNeg   . . .     Faith    .     (no shield)
rPois  .         Spirit   .     (no helmet)
rElec  .         Dismiss  .     (no cloak)
rCorr  .         Reflect  .     h - +0 pair of gloves
SustAt .         Harm     .     (no boots)
MR     .....                    (no amulet)
Stlth  ++........               (no ring)
                                (no ring)

@: not resistant to hostile enchantments, unstealthy
A: no striking features
a: no special abilities


You were on level 2 of the Dungeon.
You were not hungry.

You visited 1 branch of the dungeon, and saw 2 of its levels.

You collected 60 gold pieces.

Inventory:

Hand Weapons
 e - a +0 dagger (weapon)
Armour
 a - a +0 robe (worn)
 h - a +0 pair of gloves (worn)
Scrolls
 g - a scroll of identify {unknown}
 j - a scroll of enchant armour {unknown}
 k - a scroll of magic mapping {unknown}
Potions
 d - a potion of invisibility {unknown}
Books
 b - a book of Conjurations

   Spells                             Type                      Level
   a - Magic Dart                     Conjuration                  1
   b - Searing Ray                    Conjuration                  2
   c - Dazzling Spray                 Conjuration/Hexes            3
   d - Fulminant Prism                Conjuration/Hexes            4
   e - Iskenderun's Mystic Blast      Conjuration                  4
   f - Iskenderun's Battlesphere      Conjuration/Charms           5
Comestibles
 c - a bread ration
 i - a beef jerky
 l - 3 meat rations


   Skills:
 - Level 2.4 Dodging
 - Level 2.4 Stealth
 - Level 3.0 Spellcasting
 * Level 5.7 Conjurations


You had 5 spell levels left.
You knew the following spells:

 Your Spells              Type           Power        Failure   Level  Hunger
a - Magic Dart            Conj           ###.         1%          1    None
b - Searing Ray           Conj           ###...       2%          2    ##.....


Dungeon Overview and Level Annotations

Branches:
Dungeon (2/15)

Altars:

Annotations:
D:2 Terence


Message History

Aim: Terence, wielding a hand axe of flaming and wearing a scale mail (heavily wounded)
The searing ray misses Terence.
Terence barely misses you.
The searing ray hits Terence.
Terence is severely wounded.
Terence hits you with a hand axe of flaming.
* * * LOW HITPOINT WARNING * * *
Terence burns you.
* * * LOW HITPOINT WARNING * * *
Without enough magic to sustain it, your searing ray dissipates.
Terence barely misses you. Terence hits you but does no damage.
Casting: Searing Ray
Confirm with . or Enter, or press ? or * to list all spells.
Aiming: Magic Dart
Press: ? - help, Shift-Dir - straight line, f/p - Terence
Aim: Terence, wielding a hand axe of flaming and wearing a scale mail (severely wounded)
The magic dart hits Terence.
Terence is severely wounded.
Terence hits you with a hand axe of flaming.
You die...

#.# #.# #.# #.#
# #.# #.####
#.# .. ...###.#
.#.##.##.@###
.........@.#
#.##(##.##.#
#.##.##.# .#
#..#....##.# .#
# #..........#
.#
#.##.##.##.##.#
.# .. #.##.##.#
#.#####........


You could see Terence.

Vanquished Creatures
  An adder (D:2)
  2 dart slugs (D:1)
  4 giant geckos
  A ball python (D:1)
  A bat (D:1)
  2 goblins (D:1)
  5 hobgoblins (D:1)
  A quokka (D:2)
  2 giant newts
  3 kobolds (D:1)
  2 rats (D:1)
24 creatures vanquished.

Notes
Turn   | Place    | Note
--------------------------------------------------------------
     0 | D:1      | Kisielow the Deep Elf Conjurer began the quest for the Orb.
     0 | D:1      | Reached XP level 1. HP: 10/10 MP: 6/6
   223 | D:1      | Reached XP level 2. HP: 15/15 MP: 5/8
   252 | D:1      | Learned a level 2 spell: Searing Ray
   288 | D:1      | Reached skill level 5 in Conjurations
   781 | D:1      | Reached XP level 3. HP: 19/19 MP: 4/9
   987 | D:2      | Noticed Terence
   998 | D:2      | Slain by Terence

Skill      XL: |  1  2 |
---------------+-------+-----
Conjurations   | 5 |  5.7
Dodging        | |  2.4
Stealth        | |  2.4
Spellcasting   | |  3.0

Action                   || total
-------------------------++-------
 Cast: Magic Dart        ||    50
       Searing Ray       ||     2
Armor: Robe              ||     2
Dodge: Dodged            ||     7
